 Dungeon Crawl Stone Soup version 0.30-a0-457-g4b7bca3bfa (webtiles) character file.

Game seed: 11222318473881210599

10124 holysushi the Carver (level 11, -2/86 HPs)
             Began as a Merfolk Gladiator on Dec 12, 2022.
             Was an Initiate of Gozag.
             Slain by a death yak simulacrum (20 damage)
             ... in an ice cave on Dec 13, 2022.
             The game lasted 00:20:25 (9328 turns).

holysushi the Carver (Merfolk Gladiator)            Turns: 9328, Time: 00:20:26

Health: -2/86      AC:  7    Str: 14    XL:     11   Next: 57%
Magic:  11/11      EV: 24    Int: 10    God:    Gozag
Gold:   732        SH:  0    Dex: 23    Spells: 10/10 levels left

rFire   . . .      SeeInvis +    L - +5 falchion of the Unliving {spect, rC+ Will+ rCorr SInv}
rCold   + . .      Faith    .    (no shield)
rNeg    . . .      Spirit   .    D - +1 robe "Hayfeavaw" {rPois Int+2 Dex+3 Slay+3}
rPois   +          Reflect  .    c - +1 helmet
rElec   .          Harm     .    h - +0 cloak
rCorr   +          Rampage  .    w - +0 pair of gloves
Will    ++...                    (no boots)
Stlth   ++++......               P - amulet of regeneration
HPRegen 1.14/turn                H - ring of willpower
MPRegen 0.12/turn                f - ring of see invisible

@: no status effects
A: (nimble swimmer 2), mertail
a: Renounce Religion, Potion Petition, Call Merchant, Bribe Branch


You were in an ice cave.
You worshipped Gozag.
Gozag was pleased with you.
You visited 3 branches of the dungeon, and saw 11 of its levels.
You also visited: Ossuary and Ice Cave.

You collected 1003 gold pieces.
You spent 132 gold pieces at shops.
You paid 139 gold pieces to Gozag.

Inventory:

Hand Weapons
 a - a +1 vorpal double sword
 z - a +0 falchion of flaming
 L - the +5 falchion of the Unliving (weapon) {spect, rC+ Will+ rCorr SInv}
   (You found it on level 7 of the Dungeon)

   When its wielder attacks, the weapon's spirit leaps out and strikes again.
   The spirit shares a part of any damage it takes with its wielder.
   rC:        It protects you from cold.
   SInv:      It lets you see invisible.
   rCorr:     It protects you from acid and corrosion.
   Will:      It increases your willpower.
Missiles
 d - 3 throwing nets (quivered)
 e - a javelin
Armour
 c - a +1 helmet (worn)
 h - a +0 cloak (worn)
 w - a +0 pair of gloves (worn)
 D - the +1 robe "Hayfeavaw" (worn) {rPois Int+2 Dex+3 Slay+3}
   (You found it on level 4 of the Dungeon)

   Int:       It affects your intelligence (+2).
   Dex:       It affects your dexterity (+3).
   Slay:      It affects your accuracy & damage with ranged weapons and melee
   (+3).
   rPois:     It protects you from poison.
 M - a scarf of shadows
Jewellery
 f - a ring of see invisible (right hand)
 p - an amulet of the acrobat
 t - an amulet of reflection
 H - a ring of willpower (left hand)
 K - a ring of wizardry
 O - a ring of willpower
 P - an amulet of regeneration (around neck)
Wands
 C - a wand of flame (1)
 F - a wand of iceblast (11)
 G - a wand of polymorph (13)
 J - a wand of paralysis (13)
Scrolls
 b - a scroll of fear
 i - 4 scrolls of teleportation
 l - a scroll of vulnerability {unknown}
 m - 2 scrolls of enchant armour
 s - 4 scrolls of blinking
 v - 4 scrolls of amnesia
 x - 2 scrolls of poison
 E - a scroll of identify
 I - a scroll of fog
Potions
 g - 2 potions of cancellation
 j - 5 potions of mutation
 k - 2 potions of magic
 n - a potion of resistance
 o - 2 potions of ambrosia
 q - 3 potions of brilliance
 r - 6 potions of heal wounds
 u - 6 potions of curing {unknown}
 A - a potion of might {unknown}
 B - 7 potions of attraction {unknown}
 N - 5 potions of lignification {unknown}


   Skills:
 - Level 8.0 Fighting
 - Level 14.0 Long Blades
 - Level 2.0 Throwing
 + Level 13.9 Dodging
 - Level 7.0 Stealth


You had 10 spell levels left.
You didn't know any spells.
Your spell library contained the following spells:

 Spells                   Type           Power      Damage    Failure   Level
 Freeze                   Ice            0%         1d3       36%         1
 Magic Dart               Conj           0%         1d3       36%         1
 Call Imp                 Summ           0%         N/A       50%         2
 Scorch                   Fire           0%         2d5       50%         2
 Sublimation of Blood     Necr           0%         N/A       50%         2
 Frozen Ramparts          Ice            0%         1d1       75%         3
 Hailstorm                Conj/Ice       0%         3d3       75%         3
 Mephitic Cloud           Conj/Pois/Air  0%         N/A       75%         3
 Ozocubu's Armour         Ice            0%         N/A       75%         3
 Airstrike                Air            0%         2d(0-16)  98%         4
 Flame Wave               Conj/Fire      0%         2d4       98%         4
 Petrify                  Tmut/Erth      0%         N/A       98%         4
 Summon Lightning Spire   Summ/Air       0%         N/A       98%         4
 Irradiate                Conj/Tmut      0%         3d11      100%        5
 Iskenderun's Battlesphe  Conj           0%         2d6       100%        5
 Lightning Bolt           Conj/Air       0%         1d11      100%        5
 Metabolic Englaciation   Hex/Ice        0%         N/A       100%        5
 Iron Shot                Conj/Erth      0%         9d1       100%        6
 Summon Cactus Giant      Summ           0%         N/A       100%        6
 Spellforged Servitor     Conj/Summ      0%         N/A       100%        7
 Simulacrum               Ice/Necr       Unusable   N/A       N/A         6

Dungeon Overview and Level Annotations

Branches:
Dungeon (9/15) Zot: 25008  Temple (1/1) D:4 Zot: 5906    Lair (1/5) D:9 Zot: 5708
Ossuary (visited)           IceCv (1/1) Zot: 5956
    Orc: D:9-12

Altars:
Ashenzari
Cheibriados
Dithmenos
Elyvilon
Fedhas
Gozag
Hepliaklqana
Kikubaaqudgha
Makhleb
Nemelex Xobeh
Okawaru
Qazlal
Ru
Sif Muna
Trog
Uskayaw
Vehumet
Wu Jian
Xom
Yredelemnul
Zin
The Shining One

Shops:
D:1 (   D:2 ?   D:3 (   D:5 =:

Annotations:
D:4 1 runed translucent door, arthad's ghost, amateur GnFE
D:6 exclusion: downstairs


Innate Abilities, Weirdness & Mutations

((You are very nimble when in or above water. (Stealth+, EV+, Speed+++)))
Your lower body shifts to a powerful aquatic tail in water.


Message History

Your butterfly is engulfed in freezing vapours.
Your butterfly dies!
Your butterfly disappears in a burst of colours!
The death yak simulacrum misses your butterfly.
The death yak simulacrum gores your butterfly.
Your butterfly dies!
Your butterfly disappears in a burst of colours!
Your butterfly disappears in a burst of colours!
The death yak simulacrum is distracted by your dazzling golden aura.
Your butterfly disappears in a burst of colours!
The death yak simulacrum is no longer distracted by gold.
Your butterfly disappears in a burst of colours!
The death yak simulacrum gores your butterfly!
Your butterfly dies!
Your butterfly disappears in a burst of colours!
Your butterfly disappears in a burst of colours!
The death yak simulacrum gores your butterfly!
Your butterfly dies!
Your butterfly disappears in a burst of colours!
Your butterfly disappears in a burst of colours! x2
The death yak simulacrum closely misses your butterfly.
You swap places.
Your butterfly disappears in a burst of colours!
The death yak simulacrum misses your butterfly.
You see here 3 gold pieces.
You swap places.
Found 14 gold pieces, a tin of tremorstones (2/2) and 4 silver javelins.
Your butterfly disappears in a burst of colours! x2
Found a halberd and a falchion.
Your butterfly disappears in a burst of colours! x2
The death yak simulacrum gores you! The death yak simulacrum freezes you!!
You resist.
You hit the death yak simulacrum.
The death yak simulacrum is lightly damaged.
Your +5 falchion of the Unliving {spect, rC+ Will+ rCorr SInv} hits the death yak simulacrum.
The death yak simulacrum gores you!
* * * LOW HITPOINT WARNING * * *
The death yak simulacrum freezes you!! You resist.
You die...
Your body crumbles into a pile of gold.

####
####...##
##........
##b........
##..........
#...(Z..8..)
#.$b@b.bb.$.
#∩$.b.bbb:}©
#.$.bb....(.
$
#..bb.b.8..)
##..........
##.........
##........
####...##
###


You could see a death yak simulacrum (ally target) and a friendly +5 falchion of
the Unliving {spect, rC+ Will+ rCorr SInv} (summoned).

Vanquished Creatures
  Pikel (D:8)
  A black mamba (Lair:1)
  A cane toad (Lair:1)
  A rime drake (Lair:1)
  A freezing wraith (IceCv)
  2 ice devils (Lair:1)
  4 blink frogs (Lair:1)
  Prince Ribbit (D:6)
  4 yaks (D:9)
  A dire elephant simulacrum (IceCv)
  5 wyverns
  A basilisk (D:9)
  A steam dragon (D:6)
  A harpy simulacrum (IceCv)
  An acid dragon (D:9)
  5 water moccasins
  4 ogres
  An orc warrior (D:9)
  A sky beast (D:8)
  4 centaurs (D:9)
  4 kobold brigands
  2 lemures (D:8)
  6 bullfrogs
  3 elf zombies (Ossuary)
  3 necrophages
  5 scorpions
  12 wights
  5 killer bees (D:7)
  An elephant simulacrum (IceCv)
  2 howler monkeys
  2 electric eels (D:6)
  2 centaur zombies (Ossuary)
  A quasit (D:7)
  A human zombie (Ossuary)
  5 orc priests
  2 hounds
  3 jellies (D:6)
  5 iguanas
  7 gnoll boudas
  6 orc wizards
  2 mummies (Ossuary)
  21 gnolls
  8 adders
  4 shadow imps
  5 white imps
  2 ufetubi
  3 adder zombies (Ossuary)
  A worm (D:3)
  4 dart slugs
  36 orcs
  4 endoplasms
  5 giant cockroaches
  9 goblins
  7 hobgoblins
  2 jackals (D:2)
  29 kobolds
  A quokka (D:2)
  7 ball pythons
  5 bats
  12 frilled lizards
  A goblin zombie (Ossuary)
  11 hobgoblin zombies (Ossuary)
  6 kobold zombies (Ossuary)
  9 orc zombies (Ossuary)
  4 rats
  A rat zombie (Ossuary)
317 creatures vanquished.

Vanquished Creatures (others)
  A gnoll (D:6)
  A bush (D:9)
  5 demonic plants (D:7)
  14 fungi
  34 plants
55 creatures vanquished.

Grand Total: 372 creatures vanquished

Notes
Turn   | Place    | Note
-------+----------+-------------------------------------------
     0 | D:1      | holysushi the Merfolk Gladiator began the quest for the
                  | Orb.
     0 | D:1      | Reached XP level 1. HP: 16/16 MP: 1/1
   111 | D:1      | Reached skill level 4 in Long Blades
   133 | D:1      | Reached XP level 2. HP: 22/22 MP: 2/2
   474 | D:1      | Found Teurph's Weapon Emporium.
   521 | D:2      | Reached XP level 3. HP: 25/27 MP: 3/3
   565 | D:2      | Reached skill level 5 in Long Blades
   786 | D:2      | Reached XP level 4. HP: 26/33 MP: 4/4
   860 | D:2      | Found a faded altar of an unknown god.
  1190 | D:2      | Found Idusued's Magic Scroll Shop.
  1484 | D:3      | Reached skill level 5 in Dodging
  1663 | D:3      | Reached XP level 5. HP: 38/39 MP: 5/5
  1685 | D:3      | Reached skill level 1 in Stealth
  2122 | D:3      | Found Jyakufue's Antique Weapon Boutique.
  2133 | D:3      | Bought a runed falchion for 132 gold pieces
  2304 | D:4      | Found a staircase to the Ecumenical Temple.
  2459 | Temple   | Entered the Ecumenical Temple
  2619 | D:4      | Found a runed translucent door.
  2619 | D:4      | Noticed arthad's ghost (amateur GnFE)
  2685 | D:4      | Identified the +1 robe "Hayfeavaw" {rPois Int+2 Dex+3
                  | Slay+3}
  2699 | D:4      | Found a bloodstained altar of Trog.
  2829 | D:4      | Reached skill level 6 in Long Blades
  3069 | D:5      | Entered Level 5 of the Dungeon
  3087 | D:5      | Found an ornate altar of the Wu Jian Council.
  3097 | D:5      | Reached XP level 6. HP: 42/47 MP: 6/6
  3367 | D:5      | Found Haataato's Jewellery Boutique.
  3513 | D:5      | Reached XP level 7. HP: 40/53 MP: 7/7
  3759 | D:5      | Found Junicous's Book Boutique.
  3766 | D:5      | Reached skill level 7 in Long Blades
  4102 | D:6      | Reached skill level 8 in Long Blades
  4132 | D:6      | Reached XP level 8. HP: 60/60 MP: 8/8
  4180 | D:6      | Reached skill level 9 in Long Blades
  4433 | D:6      | Reached skill level 10 in Long Blades
  5160 | D:6      | Reached skill level 11 in Long Blades
  5600 | D:7      | Reached XP level 9. HP: 65/65 MP: 9/9
  5601 | D:7      | Noticed Prince Ribbit
  5615 | D:6      | Killed Prince Ribbit
  5616 | D:6      | Reached skill level 12 in Long Blades
  6016 | D:7      | Reached skill level 13 in Long Blades
  6058 | D:7      | Identified the +5 falchion of the Unliving {spect, rC+
                  | Will+ rCorr SInv}
  6533 | D:7      | Reached skill level 14 in Long Blades
  6587 | D:7      | You fall into a shaft and drop 2 floors!
  6599 | D:9      | Found a hide-covered altar of Uskayaw.
  6740 | D:8      | Found a sand-covered staircase.
  6749 | Ossuary  | Entered an ossuary
  6854 | Ossuary  | Reached XP level 10. HP: 73/73 MP: 10/10
  6859 | Ossuary  | Reached skill level 5 in Fighting
  7164 | D:8      | Reached skill level 5 in Stealth
  7194 | D:8      | Found a sparkling altar of Nemelex Xobeh.
  7298 | D:8      | Found a shadowy altar of Dithmenos.
  7298 | D:8      | Found a faded altar of an unknown god.
  7308 | D:8      | Found a shimmering blue altar of Sif Muna.
  7310 | D:8      | Found a radiant altar of Vehumet.
  7312 | D:8      | Found an opulent altar of Gozag.
  7319 | D:8      | Became a worshipper of Gozag Ym Sagoz the Greedy
  7583 | D:8      | Noticed Pikel
  7594 | D:8      | Killed Pikel
  8041 | D:7      | Noticed a skeletal warrior
  8042 | D:7      | Noticed a centaur warrior
  8675 | D:9      | Found a staircase to the Lair.
  8691 | D:9      | Reached skill level 10 in Dodging
  8713 | D:9      | Reached XP level 11. HP: 69/85 MP: 11/11
  8916 | D:9      | Noticed a two-headed ogre
  8969 | Lair:1   | Entered Level 1 of the Lair of Beasts
  9259 | Lair:1   | Found a frozen archway.
  9280 | IceCv    | Entered an ice cave
  9328 | IceCv    | Slain by a death yak simulacrum

Illustrated notes

Levels and vault maps discovered:
D:1:      dpeg_arrival_long_road, layout_basic, serial_shops,
          nicolae_shop_behind_doors
D:2:      layout_loops_cross, basic_ecumenical_altar, serial_aquarium,
          aquarium_bridge_square [aquarium_subvault_bridge,
          aquarium_subvault_window, aquarium_subvault_bridge,
          aquarium_subvault_balcony], aquarium_bridge_long_separate
          [aquarium_subvault_window, aquarium_subvault_bridge,
          aquarium_subvault_window, aquarium_subvault_bridge,
          aquarium_subvault_wall, aquarium_subvault_bridge],
          aquarium_window_corner, aquarium_window_2, aquarium_window_corridor_1,
          aquarium_window_1, aquarium_view_2e, aquarium_view_2e, serial_shops,
          nicolae_shop_hallway_stairs
D:3:      layout_basic, serial_shops, nicolae_shop_advertising_works
          [nicolae_subvault_shop_adworks]
D:4:      layout_basic, trog_three_pillars_becter, temple_doors_e,
          ebering_ghost_inner_flame
D:5:      layout_basic, mainiacjoe_overflow_small_starburst, serial_shops, shop,
          nicolae_take_the_stairs, nicolae_eternal_life, minmay_lizard_king
D:6:      layout_rooms, kennysheep_potato
D:7:      minmay_the_grid_four_pointed_star
          [minmay_the_grid_triangle_9x9_zippers_vertical,
          minmay_the_grid_triangle_9x9_checkered,
          minmay_the_grid_triangle_9x9_stretched_checkered,
          minmay_the_grid_triangle_9x9_minimal,
          minmay_the_grid_prize_diamond_cup], layout_basic, serial_demonic,
          serial_demonic_a, serial_demonic_e, serial_demonic_c,
          serial_demonic_a, serial_demonic_b, serial_demonic_d,
          uniq_prince_ribbit1, uniq_crazy_yiuf_cottage
D:8:      layout_basic, nemelex_diamond_rough_becter,
          chequers_temple_overflow_minitemple, enter_ossuary_3,
          bh_walls_and_bars, uniq_pikel
D:9:      kennysheep_seaside_town, layout_small_grid, kennysheep_mini,
          minmay_lair_entry_grove
Temple:   nicolae_temple_superstar
Lair:1:   layout_chaotic_city, portal_ice_cave_demonic_guard
IceCv:    ice_cave_statue_garden_transporter

Skill      XL: |  1  2  3  4  5  6  7  8  9 10 11 |
---------------+----------------------------------+-----
Long Blades    | 4 5 6 8 11 14 | 14.0
Dodging        | 5 6 7 10 13 | 13.9
Stealth        | 2 3 4 7 |  7.0
Fighting       | 3 4 7 8 |  8.0
Throwing       | |  2.0

Action                   |  1- 3 |  4- 6 |  7- 9 | 10-12 || total
-------------------------+-------+-------+-------+-------++-------
Melee: Long sword        |    81 |    96 |       |       ||   177
       Punch             |     1 |     2 |     6 |     2 ||    11
       Falchion          |       |    99 |   267 |   237 ||   603
       Tailslap          |       |       |     1 |       ||     1
Throw: Throwing net      |       |       |     1 |       ||     1
Evoke: Wand              |       |       |     2 |     4 ||     6
  Use: Scroll            |       |     3 |     9 |     9 ||    21
 Stab: Sleeping          |     2 |     6 |     1 |     1 ||    10
       Distracted        |       |       |     1 |     3 ||     4
       Betrayed ally     |       |       |       |     2 ||     2
Armor: Leather armour    |    29 |    37 |       |       ||    66
       Robe              |       |     9 |    45 |    34 ||    88
Dodge: Dodged            |    71 |   156 |   205 |   152 ||   584

Table legend: (Time is in decaauts)
 A = Elapsed time spent in this place.
 B = Non-inter-level travel time spent in this place.
 C = Inter-level travel time spent in this place.
 D = Time resting spent in this place.
 E = Time spent auto-exploring this place.
 F = Levels seen in this place.
 G = Mean time per level.
                   A        B        C        D        E       F      G
               +--------+--------+--------+--------+--------+-----+--------+
         Total |   9186 |   8812 |    374 |   1253 |   4938 |  13 |  706.6 |
       Dungeon |   8514 |   8151 |    363 |   1253 |   4735 |   9 |  946.0 |
        Temple |     93 |     82 |     11 |      0 |     69 |   1 |   93.0 |
          Lair |    291 |    291 |      0 |      0 |     29 |   1 |  291.0 |
       Ossuary |    243 |    243 |      0 |      0 |    105 |   1 |  243.0 |
      Ice Cave |     43 |     43 |      0 |      0 |      0 |   1 |   43.0 |
               +--------+--------+--------+--------+--------+-----+--------+

Top non-repeatable levels by time:
     D:6: 1373 daAuts
     D:5: 1117 daAuts
     D:7: 1116 daAuts
     D:8: 1042 daAuts
     D:2: 965 daAuts
     D:3: 869 daAuts
     D:9: 861 daAuts
     D:4: 660 daAuts
     D:1: 508 daAuts
  Lair:1: 291 daAuts
 Ossuary: 243 daAuts
  Temple: 93 daAuts
   IceCv: 43 daAuts
